 Dungeon Crawl Stone Soup version 0.27-a0-334-g52645efa06 (webtiles) character file.

Game seed: 3628770070851516959

56 wakim the Insei (level 3, -2/23 HPs)
             Began as an Octopode Transmuter on Feb 13, 2021.
             Slain by an adder (3 damage)
             ... on level 2 of the Dungeon.
             The game lasted 00:03:48 (1817 turns).

wakim the Insei (Octopode Transmuter)               Turns: 1817, Time: 00:03:49

Health: -2/23      AC:  1    Str:  9    XL:     3   Next: 95%
Magic:  3/6        EV: 13    Int: 16    God:
Gold:   67         SH:  0    Dex: 12    Spells: 3/7 levels left

rFire    + . .     SeeInvis +     - Unarmed
rCold    . . .     Faith    .   (no shield)
rNeg     . . .     Spirit   .   (helmet restricted)
rPois    .         Reflect  .   (no amulet)
rElec    .         Harm     .   e - ring of see invisible
rCorr    .         Rampage  .   f - ring of protection from fire
Will     .....                  (no ring)
Stlth    ++........             (no ring)
HPRegen  0.07/turn              (no ring)
MPRegen  0.10/turn              (no ring)
                                (no ring)
                                (no ring)

@: lethally poisoned (-2 -> -6), slowed, very slow
A: almost no armour, stealthy swim, amphibious, 8 rings, constrict 8, camouflage
1, gelatinous body 1
a: no special abilities


You were on level 2 of the Dungeon.
You visited 1 branch of the dungeon, and saw 2 of its levels.

You collected 67 gold pieces.

Inventory:

Jewellery
 e - a ring of see invisible (left tentacle)
 f - a ring of protection from fire (right tentacle)
Scrolls
 b - 2 scrolls of teleportation {unknown}
 c - a scroll of magic mapping {unknown}
 g - 4 scrolls of identify {unknown}
 h - a scroll of random uselessness {unknown}
Potions
 a - a potion of attraction {unknown}
 d - a potion of might {unknown}


   Skills:
 - Level 1.0 Fighting
 - Level 2.0 Dodging
 + Level 3.4 Unarmed Combat
 + Level 2.5 Spellcasting
 * Level 3.2 Transmutations


You had 3 spell levels left.
You knew the following spells:

 Your Spells              Type           Power        Failure   Level
a - Beastly Appendage     Tmut           24%          5%          1
b - Spider Form           Tmut/Pois      3%           30%         3

Your spell library contained the following spells:

 Spells                   Type           Power        Failure   Level
 Wereblood                Tmut           12%          8%          2
 Ice Form                 Ice/Tmut       7%           69%         4
 Blade Hands              Tmut           6%           82%         5


Dungeon Overview and Level Annotations

Branches:
Dungeon (2/15)

Altars:
Nemelex Xobeh

Annotations:
D:2 Jessica, Natasha


Innate Abilities, Weirdness & Mutations

You cannot wear most types of armour.
You are very stealthy in the water. (Stealth+)
You are amphibious.
You can wear up to eight rings at the same time.
You can use your tentacles to constrict eight enemies at once.
Your skin changes colour to match your surroundings (Stealth+).
Your rubbery body absorbs attacks. (AC +1, EV +1)


Message History

The kobold is heavily wounded.
You kill the kobold!
No target in view!
Your transformation is almost over.
Natasha, Servant of Life and Death comes into view.
Natasha hisses angrily.
The hobgoblin shouts!
Natasha casts a spell at you.
You feel yourself slow down.
Your transformation has ended.
Natasha misses you. Natasha completely misses you.
Casting: Spider Form (extremely dangerous; 30% risk of failure)
Confirm with . or Enter, or press ? or * to list all spells.
The spell is extremely dangerous to cast (30% risk of failure)!
Continue anyway?
You miscast Spider Form.
You are very lightly contaminated with residual magic.
Nothing appears to happen.
Natasha claws you.
You tentacle-slap Natasha. You grab Natasha. You squeeze Natasha!
Natasha is severely wounded.
You constrict Natasha, but do no damage.
Natasha claws you. The adder bites you.
Natasha stares at you and mumbles some strange words.
You feel as though you will be slow longer.
You release your grip on Natasha.
The adder barely misses you. Natasha claws you.
* * * LOW HITPOINT WARNING * * *
The adder completely misses you. The adder bites you.
* * * LOW HITPOINT WARNING * * *
You are lethally poisoned!
The adder poisons you!
A rat comes into view.
* * * LOW HITPOINT WARNING * * *
You feel sick.
Your magical contamination has completely faded away.
* * * LOW HITPOINT WARNING * * *
You feel sick. The adder barely misses you. The adder bites you.
* * * LOW HITPOINT WARNING * * *
* * * LOW HITPOINT WARNING * * *
You feel sick. The adder bites you.
You die...

.................## ###...#...
.#............[..# ##...##...#
.................# ###...##..#..
.................####......#.....
.................##...##r#......#
.................##..............
.........<......##...#.....###.##
.........#....>....###.....##..##
...##...#####...@..#....#.##..##
...###..####...##S..(...#.##.##
........>....###.h....###.##.#
##.................g### #.##.#
#........##.....##...# #.##.#
#......#........####.###.##.# #
#####...#...###... #.....##.# #
#..#.......###....##..##.# #
#..##.....#. ####.##..##.#


You could see Natasha, an adder and a hobgoblin.

Vanquished Creatures
  2 adders (D:2)
  An adder skeleton (D:2)
  A worm (D:2)
  A leopard gecko (D:1)
  3 bats
  A giant cockroach (D:2)
  5 goblins
  3 hobgoblins
  A quokka (D:2)
  2 ball pythons (D:1)
  3 frilled lizards
  3 kobolds
  5 rats
31 creatures vanquished.

Notes
Turn   | Place    | Note
-------+----------+-------------------------------------------
     0 | D:1      | wakim the Octopode Transmuter began the quest for the Orb.
     0 | D:1      | Reached XP level 1. HP: 13/13 MP: 3/3
   316 | D:1      | Reached XP level 2. HP: 18/18 MP: 3/5
   744 | D:2      | Reached XP level 3. HP: 9/23 MP: 4/6
  1146 | D:1      | HP: 1/23 [poisoned by an adder]
  1625 | D:2      | Found a sparkling altar of Nemelex Xobeh.
  1722 | D:2      | Noticed Jessica
  1730 | D:1      | Learned a level 3 spell: Spider Form
  1804 | D:2      | Noticed Natasha
  1817 | D:2      | HP: 1/23 [poisoned by an adder]
  1817 | D:2      | Slain by an adder

Illustrated notes

Levels and vault maps discovered:
D:1:      nicolae_arrival_memento_mori, layout_basic, minmay_pentomino_o2
D:2:      layout_rooms, general_overflow_altar, minmay_surrounded, uniq_jessica,
          uniq_natasha

Skill      XL: |  1  2  3 |
---------------+----------+-----
Transmutations | 3 |  3.2
Fighting       | |  1.0
Dodging        | |  2.0
Unarmed Combat | |  3.4
Spellcasting   | |  2.5

Action                   || total
-------------------------++-------
Melee: Unarmed           ||    71
       Constrict         ||    20
       Tentacles         ||    12
       Kick              ||     8
       Punch             ||     1
 Cast: Beastly Appendage ||    13
       Spider Form       ||     1
 Stab: Sleeping          ||     4
Armor: Skin              ||     2
Dodge: Dodged            ||    48

Table legend: (Time is in decaauts)
 A = Elapsed time spent in this place.
 B = Non-inter-level travel time spent in this place.
 C = Inter-level travel time spent in this place.
 D = Time resting spent in this place.
 E = Time spent auto-exploring this place.
 F = Levels seen in this place.
 G = Mean time per level.
                   A        B        C        D        E       F      G
               +--------+--------+--------+--------+--------+-----+--------+
         Total |   1819 |   1762 |     57 |    797 |    658 |   2 |  909.5 |
       Dungeon |   1819 |   1762 |     57 |    797 |    658 |   2 |  909.5 |
               +--------+--------+--------+--------+--------+-----+--------+

Top non-repeatable levels by time:
     D:1: 1496 daAuts
     D:2: 323 daAuts
